 Dungeon Crawl Stone Soup version 0.28-a0-630-g0357d9c091 (webtiles) character file.

Game seed: 5207806954769042861

2695 Astera the Cleaver (level 9, -1/71 HPs)
             Began as a Formicid Fighter on Oct 9, 2021.
             Was an Initiate of Qazlal.
             Killed from afar by Harold (16 damage)
             ... with a harpoon shot
             ... on level 7 of the Dungeon.
             The game lasted 00:19:39 (7031 turns).

Astera the Cleaver (Formicid Fighter)               Turns: 7031, Time: 00:19:39

Health: -1/71      AC:  9    Str: 22    XL:     9   Next: 96%
Magic:  0/9        EV: 12    Int:  7    God:    Qazlal [......]
Gold:   266        SH:  6    Dex: 19    Spells: 8/8 levels left

rFire   + . .      SeeInvis +   a - +0 war axe
rCold   + + .      Faith    .   c - +0 buckler
rNeg    . . .      Spirit   +   k - +1 ring mail {rPois}
rPois   +          Reflect  .   (helmet unavailable)
rElec   .          Harm     .   (no cloak)
rCorr   .          Rampage  .   i - +1 pair of gloves
Will    .....                   (no boots)
Stlth   +.........              g - amulet of guardian spirit
HPRegen 0.21/turn               n - +6 ring of dexterity
MPRegen 0.11/turn               y - ring of the Amoeba {rF+ rC++}

@: marked, very slightly contaminated
A: permanent stasis, dig shafts and tunnels, antennae 3, four strong arms
a: Dig, Shaft Self, Renounce Religion


You were on level 7 of the Dungeon.
You worshipped Qazlal.
Qazlal was noncommittal.
You visited 2 branches of the dungeon, and saw 8 of its levels.
You also visited: Sewer.

You collected 361 gold pieces.
You spent 95 gold pieces at shops.

Inventory:

Hand Weapons
 a - a +0 war axe (weapon)
 s - a +1 antimagic hand axe
Missiles
 m - 8 atropa-tipped darts
 o - 8 boomerangs
 w - 3 throwing nets
Armour
 c - a +0 buckler (worn)
 i - a +1 pair of gloves (worn)
 k - a +1 ring mail of poison resistance (worn)
Jewellery
 g - an amulet of guardian spirit (around neck)
 n - a +6 ring of dexterity (left hand)
 y - the ring of the Amoeba (right hand) {rF+ rC++}
   (You found it on level 7 of the Dungeon)

   [ring of protection from fire]

   rF:        It protects you from fire.
   rC:        It greatly protects you from cold.
Wands
 p - a wand of acid (19)
Scrolls
 b - 4 scrolls of enchant weapon {unknown}
 d - 2 scrolls of vulnerability {unknown}
 e - 2 scrolls of magic mapping {unknown}
 f - 3 scrolls of identify
 j - 3 scrolls of enchant armour
 l - a scroll of holy word {unknown}
 q - a scroll of amnesia {unknown}
 u - 2 scrolls of summoning {unknown}
 v - a scroll of brand weapon {unknown}
Potions
 h - a potion of cancellation
 r - a potion of might
 t - 2 potions of mutation {unknown}
 x - 2 potions of invisibility
 z - 2 potions of heal wounds {unknown}
 A - 2 potions of haste {unknown}
 C - a potion of magic {unknown}
 D - a potion of berserk rage {unknown}


   Skills:
 + Level 6.4 Fighting
 + Level 9.5 Axes
 + Level 6.0 Armour
 + Level 3.1 Dodging
 - Level 1.2 Stealth
 + Level 6.2 Shields


You had 8 spell levels left.
You didn't know any spells.
Your spell library contained the following spells:

 Spells                   Type           Power      Damage    Failure   Level
 Animate Skeleton         Necr           0%         N/A       56%         1
 Apportation              Tloc           0%         N/A       56%         1
 Summon Small Mammal      Summ           0%         N/A       56%         1
 Slow                     Hex            0%         N/A       71%         2
 Confusing Touch          Hex            0%         N/A       91%         3
 Vampiric Draining        Necr           0%         2d6       91%         3
 Cause Fear               Hex            0%         N/A       100%        4
 Dragon Form              Tmut           0%         N/A       100%        7
 Dragon's Call            Summ           0%         N/A       100%        9


Dungeon Overview and Level Annotations

Branches:
Dungeon (7/15)             Temple (1/1) D:5           Sewer (visited)

Altars:
Ashenzari
Cheibriados
Dithmenos
Fedhas
Gozag
Kikubaaqudgha
Makhleb
Nemelex Xobeh
Okawaru
Qazlal
Ru
Sif Muna
Trog
Uskayaw
Vehumet
Wu Jian
Xom
Yredelemnul
Zin
The Shining One

Shops:
D:4 ?   D:6 *

Annotations:
D:7 Harold


Innate Abilities, Weirdness & Mutations

You cannot be hasted, slowed, berserked, paralysed or teleported.
You can dig through walls and to a lower floor.
You have a pair of large antennae on your head. (SInv)
Your four strong arms can wield two-handed weapons with a shield.


Message History

Harold hits you but does no damage.
You slash Harold!
Harold is severely wounded.
Harold says, "I was hoping my final job would be more of a challenge, but money is money."
Harold closely misses you.
A gnoll comes into view. It is wielding a +0 whip.
You hit Harold but do no damage.
Harold is severely wounded.
Harold hits you with a +0 battleaxe!!
* * * LOW HITPOINT WARNING * * *
You feel better. Harold hits you with a +0 battleaxe!
* * * LOW HITPOINT WARNING * * *
You slash Harold!
Harold is almost dead.
Harold casts a spell at you. The mark upon you grows brighter.
You hit Harold but do no damage.
Harold is almost dead.
Harold hits you with a +0 battleaxe.
* * * LOW HITPOINT WARNING * * *
You feel better. Harold closely misses you.
A gnoll comes into view. It is wielding a +0 halberd.
It was a potion of invisibility.
You fade into invisibility!
Harold says, "I was hoping my final job would be more of a challenge, but money is money."
You block Harold's attack.
A gnoll comes into view. It is wielding a +0 halberd.
You are very lightly contaminated with residual magic.
You see here a throwing net.
Harold gestures at you while chanting.
You barely resist.
You flicker for a moment.
Harold fires a harpoon shot at you. The harpoon shot misses you.
You flicker back into view.
Harold points at you and mumbles some strange words.
The mark upon you grows brighter. Harold fires a harpoon shot at you.
The harpoon shot hits you!!
You die...

#........####### #.....#
#..###.####..g.####.###.#
#.....## #{##.#.##.# #.#
#.###.#####.##@#.##.# #.#
#....g{g...{##.#.)..# #.#
####g#########.#.#### #.#
######.# #.#.#### #.#
g{{g.g.# #.#....# #.#
######## #@#..#.# #.#
####.#..#.# #.#
#....#.##.# #.#
#.####<##.# #.#
#.#..#.##.###.#
#.#..#........#
#.........###.#
#########.# #.# ### ###


You could see Harold and a gnoll.

Vanquished Creatures
  A centaur zombie (D:5)
  Sigmund (D:3)
  Eustachio (D:6)
  A sky beast (D:6)
  3 black bears
  An ice beast (D:6)
  A necrophage (D:6)
  6 ogres
  3 bullfrogs
  A scorpion (D:4)
  A water moccasin skeleton (D:4)
  A howler monkey (D:5)
  A gnoll shaman (D:5)
  A jelly (D:6)
  2 orc priests (D:2)
  2 hounds
  3 iguanas
  4 orc wizards
  3 gnolls (D:5)
  10 adders
  4 river rats
  An ufetubus (D:5)
  An adder skeleton (D:4)
  A worm (D:2)
  4 dart slugs
  15 orcs
  3 bats
  12 endoplasms
  A giant cockroach (D:6)
  5 goblins
  7 hobgoblins
  7 jackals
  5 quokkas
  22 ball pythons
  A frilled lizard (D:1)
  6 kobolds
  27 rats
169 creatures vanquished.

Vanquished Creatures (others)
  A plant (D:1)
1 creature vanquished.

Grand Total: 170 creatures vanquished

Notes
Turn   | Place    | Note
-------+----------+-------------------------------------------
     0 | D:1      | Astera the Formicid Fighter began the quest for the Orb.
     0 | D:1      | Reached XP level 1. HP: 18/18 MP: 1/1
   300 | D:1      | Reached XP level 2. HP: 24/24 MP: 2/2
   715 | D:1      | Reached XP level 3. HP: 26/29 MP: 3/3
  1124 | D:2      | Reached XP level 4. HP: 28/37 MP: 4/4
  1132 | D:2      | HP: 1/37 [orc wizard (1)]
  1133 | D:2      | Reached skill level 3 in Axes
  1136 | D:2      | Reached XP level 5. HP: 8/42 MP: 1/5
  2303 | D:3      | Noticed Sigmund
  2314 | D:3      | Killed Sigmund
  2315 | D:3      | Reached skill level 4 in Axes
  2315 | D:3      | Reached XP level 6. HP: 35/48 MP: 4/6
  2859 | D:4      | Reached skill level 5 in Axes
  2859 | D:4      | Reached skill level 1 in Stealth
  2859 | D:4      | Reached XP level 7. HP: 53/54 MP: 7/7
  3111 | D:4      | Reached skill level 1 in Dodging
  3360 | D:4      | Found Ungull's Magic Scroll Shoppe.
  3365 | D:4      | Bought a scroll of enchant armour for 75 gold pieces
  3389 | D:4      | Bought a scroll of identify for 20 gold pieces
  3534 | D:5      | Entered Level 5 of the Dungeon
  3659 | D:5      | Reached skill level 6 in Axes
  3680 | D:5      | Reached XP level 8. HP: 45/61 MP: 6/8
  4028 | D:5      | Found a staircase to the Ecumenical Temple.
  4095 | D:5      | Reached skill level 5 in Fighting
  4095 | D:5      | Reached skill level 7 in Axes
  4095 | D:5      | Reached skill level 5 in Armour
  4095 | D:5      | Reached skill level 5 in Shields
  4112 | Temple   | Entered the Ecumenical Temple
  4908 | D:6      | Found a glowing drain.
  4936 | Sewer    | Entered a sewer
  5127 | Sewer    | Reached XP level 9. HP: 56/68 MP: 9/9
  5177 | Sewer    | Reached skill level 8 in Axes
  5471 | D:6      | Found Poqyts's Overcharged Wands.
  5688 | D:6      | Found a stormy altar of Qazlal.
  5692 | D:6      | Became a worshipper of Qazlal Stormbringer
  6277 | D:6      | Reached skill level 9 in Axes
  6289 | D:6      | Noticed Eustachio
  6581 | D:6      | Killed Eustachio
  6654 | D:7      | Identified the ring of the Amoeba {rF+ rC++}
  6836 | D:7      | Noticed an unseen horror
  6951 | D:7      | Found a bloodstained altar of Trog.
  6969 | D:7      | Noticed Harold
  7031 | D:7      | Killed from afar by Harold

Illustrated notes

Levels and vault maps discovered:
D:1:      eino_arrival_cavern_e, layout_rooms, hangedman_abyss_or_decor_stabs,
          minmay_shallow_snake_nest
D:2:      cheibrodos_pilgrimage, layout_rooms, kennysheep_generic_room_5
D:3:      layout_basic, uniq_sigmund
D:4:      layout_loops_ring, serial_shops, kennysheep_little_box
D:5:      layout_basic, minmay_temple_entry_glassed_door
D:6:      layout_cave_pods, mainiacjoe_overflow_six_doors_small,
          gup_sewer_entry_bubbles, nicolae_shop_overcharged_wands,
          uniq_eustachio
D:7:      layout_basic, trog_ov_bears_minmay, uniq_harold
Temple:   dpeg_five_rooms_temple

Skill      XL: |  1  2  3  4  5  6  7  8  9 |
---------------+----------------------------+-----
Shields        | 4 5 6 |  6.2
Armour         | 4 5 6 |  6.0
Axes           | 3 4 5 6 7 9 |  9.5
Fighting       | 4 5 6 |  6.4
Stealth        | 1 |  1.2
Dodging        | 1 2 3 |  3.1

Action                   |  1- 3 |  4- 6 |  7- 9 || total
-------------------------+-------+-------+-------++-------
Melee: War axe           |    78 |   116 |   371 ||   565
  Use: Potion            |       |     2 |     3 ||     5
       Scroll            |       |     1 |     1 ||     2
 Stab: Sleeping          |       |       |     3 ||     3
Armor: Scale mail        |    44 |       |       ||    44
       Ring mail         |     4 |    35 |   129 ||   168
Dodge: Dodged            |    33 |    62 |   217 ||   312
Block: Buckler           |    18 |    28 |   114 ||   160

Table legend: (Time is in decaauts)
 A = Elapsed time spent in this place.
 B = Non-inter-level travel time spent in this place.
 C = Inter-level travel time spent in this place.
 D = Time resting spent in this place.
 E = Time spent auto-exploring this place.
 F = Levels seen in this place.
 G = Mean time per level.
                   A        B        C        D        E       F      G
               +--------+--------+--------+--------+--------+-----+--------+
         Total |   7241 |   6649 |    592 |     97 |   3915 |   9 |  804.6 |
       Dungeon |   6563 |   6019 |    544 |     21 |   3710 |   7 |  937.6 |
        Temple |    264 |    216 |     48 |      0 |    205 |   1 |  264.0 |
         Sewer |    412 |    412 |      0 |     76 |      0 |   1 |  412.0 |
               +--------+--------+--------+--------+--------+-----+--------+

Top non-repeatable levels by time:
     D:6: 1503 daAuts
     D:1: 1226 daAuts
     D:5: 1158 daAuts
     D:3: 905 daAuts
     D:4: 776 daAuts
     D:2: 714 daAuts
   Sewer: 412 daAuts
     D:7: 279 daAuts
  Temple: 264 daAuts
